AoeStats
← dodosh

Arena

509424234Analyzed
1v1 RM · 5d ago on Sep 26, 2026· 29m 22s· 2 players
Game mode
Random Map
Map size
Tiny (2 player)
Population
200
Speed
Normal
Resources
Standard
Victory
Conquest
Starting age
Dark Age
Ending age
Imperial Age
RankedLock teamsTeams togetherTeam positionsShared explorationLock speedFull tech treeHidden civsTurbo modeCheats
Victory
Defeat
🇧🇷 Portuguese · Brazil
555
+17
🇧🇪 Huns · Belgium
566
-17
Backpack
11:00 Feudal Age
15:56 Castle Age
14:34 Double-Bit Axe
14:40 Horse Collar
15:43 Loom
17:42 Wheelbarrow
26:28 Pikeman
dodosh
12:55 Feudal Age
18:22 Castle Age
17:22 Double-Bit Axe
17:21 Horse Collar
17:38 Gold Mining
18:12 Man-at-Arms
22:39 Scale Barding Armor
24:03 Bow Saw
23:55 Heavy Plow
24:28 Marauders
26:01 Husbandry
26:11 Bloodlines
29:15 Forging
Connection lost

Rejoining the realm…

Still unreachable

The connection could not be restored.

Session expired

The server has moved on; the page needs a fresh start.